 Dungeon Crawl Stone Soup version 0.30.1-3-gfc49f6343a (webtiles) character file.

Game seed: 5348670751489343544

5869 Pepete the Blocker (level 10, -12/54 (59) HPs)
             Began as a Gargoyle Fire Elementalist on July 27, 2023.
             Was an Initiate of Gozag.
             Mangled by a spectral orc warlord
             ... wielding a +3 heavy battleaxe
             ... summoned by Nergalle
              (35 damage)
             ... on level 10 of the Dungeon.
             The game lasted 00:21:22 (26208 turns).

Pepete the Blocker (Gargoyle Fire Elementalist)    Turns: 26208, Time: 00:21:23

HP:   -12/54 (59)   AC: 13    Str: 13    XL:     10   Next: 81%
MP:   2/20          EV: 15    Int: 19    God:    Gozag
Gold: 707           SH: 17    Dex: 16    Spells: 17/23 levels left

rFire   . . .        C - +2 whip (flame)
rCold   . . .        u - +1 kite shield
rNeg    + . .        A - +0 troll leather armour
rPois   ∞            (no helmet)
rElec   +            J - +0 cloak
rCorr   .            (no gloves)
SInv    .            g - +0 pair of boots
Will    .....        t - amulet of reflection
Stlth   ++           B - +5 ring of evasion
HPRegen 1.09/turn    P - +6 ring of dexterity
MPRegen 0.17/turn

%: reflection
@: drained
A: sickness immunity, AC +7, negative energy resistance 1, electricity
resistance, torment resistance 1, petrification resistance
a: Renounce Religion, Potion Petition, Call Merchant, Bribe Branch


You were on level 10 of the Dungeon.
You worshipped Gozag.
Gozag was pleased with you.
You visited 2 branches of the dungeon, and saw 11 of its levels.

You collected 1048 gold pieces.
You spent 229 gold pieces at shops.
You paid 112 gold pieces to Gozag.

Inventory:

Hand Weapons
 k - a +0 flail of protection
 n - a +2 scythe of flaming
 C - a +2 whip of flaming (weapon)
 D - a +1 battleaxe of freezing
Armour
 a - a +0 robe
 g - a +0 pair of boots (worn)
 u - a +1 kite shield (worn)
 A - a +0 troll leather armour (worn)
 E - a +0 robe
 J - a +0 cloak (worn)
 K - +0 steam dragon scales
Jewellery
 s - an amulet of magic regeneration
 t - an amulet of reflection (around neck)
 x - a +5 ring of evasion
 B - a +5 ring of evasion (left hand)
 H - a ring of positive energy
 M - a ring of ice
 P - a +6 ring of dexterity (right hand)
Wands
 I - a wand of digging (6)
 Q - a wand of roots (18)
Scrolls
 c - a scroll of fear {unknown}
 i - 2 scrolls of enchant weapon
 j - 2 scrolls of butterflies
 l - 2 scrolls of identify
 p - 2 scrolls of torment
 v - 3 scrolls of blinking
 w - a scroll of silence {unknown}
Potions
 b - a potion of invisibility
 d - 6 potions of curing
 e - a potion of magic
 f - 3 potions of berserk rage
 h - a potion of flight
 m - a potion of mutation
 o - 4 potions of resistance
 q - a potion of brilliance
 r - 4 potions of heal wounds
 z - a potion of lignification
 F - a potion of degeneration
 N - a potion of ambrosia {unknown}
 O - 2 potions of attraction {unknown}


   Skills:
 - Level 5.0 Fighting
 - Level 1.6 Dodging
 - Level 2.2 Stealth
 * Level 9.3 Shields
 + Level 7.0 Spellcasting
 + Level 7.9 Conjurations
 + Level 7.8 Fire Magic


You had 17 spell levels left.
You knew the following spells:

 Your Spells              Type           Power      Damage    Failure   Level
a - Foxfire               Conj/Fire      100%       2x1d9     1%          1
b - Scorch                Fire           72%        2d8       1%          2
c - Volatile Blastmotes   Fire/Tloc      42%        2d13      21%         3

Your spell library contained the following spells:

 Spells                   Type           Power      Damage    Failure   Level
 Kiss of Death            Conj/Necr      84%        2d11      7%          1
 Flame Wave               Conj/Fire      36%        2d10      13%         4
 Hailstorm                Conj/Ice       21%        3d6       21%         3
 Inner Flame              Hex/Fire       21%        N/A       21%         3
 Ensorcelled Hibernation  Hex/Ice        12%        N/A       45%         2
 Passwall                 Tmut/Erth      5%         N/A       45%         2
 Confusing Touch          Hex            6%         N/A       69%         3
 Swiftness                Air            6%         N/A       69%         3
 Dispel Undead            Necr           6%         3d8       97%         4
 Ice Form                 Ice/Tmut       6%         N/A       97%         4
 Simulacrum               Ice/Necr       Unusable   N/A       N/A         6

Dungeon Overview and Level Annotations

Branches:
Dungeon (10/15)            Temple (1/1) D:7             Orc (0/2) D:9
   Lair: D:8-11

Altars:
Ashenzari
Cheibriados
Dithmenos
Elyvilon
Fedhas
Gozag
Hepliaklqana
Kikubaaqudgha
Makhleb
Nemelex Xobeh
Qazlal
Ru
Sif Muna
Trog
Uskayaw
Wu Jian
Xom
Yredelemnul
Zin
The Shining One

Shops:
D:6 *   D:7 !(   D:9 ?

Annotations:
D:6 2 runed translucent doors, Rudioso's ghost, novice VSBr
D:8 1 runed translucent door, superradish's ghost, novice DsBr
D:10 Nergalle


Innate Abilities, Weirdness & Mutations

You are immune to sickness and miasma.
Your stone body is resilient. (AC +7)
You are immune to poison.
You resist negative energy. (rN+)
You are resistant to electric shocks. (rElec)
You are resistant to unholy torment.
You are immune to petrification.


Message History

You block the spectral orc's attack. The spectral orc warrior hits you.
An orc comes into view.
It is wielding a +1 hand axe of freezing.
Nergalle casts a spell at you. The bolt of negative energy hits you.
You partially resist.
You feel drained.
The bolt of negative energy hits the spectral orc.
The spectral orc completely resists.
The orc shouts!
You hit Nergalle but do no damage.
Nergalle is almost dead.
You block the spectral orc knight's attack.
The spectral orc warlord hits you with a +3 heavy battleaxe.
The spectral orc hits you but does no damage.
You block the spectral orc warrior's attack.
Nergalle casts a spell at the orc wizard.
The orc wizard seems to speed up.
An orc comes into view. It is wielding a +0 whip.
The spectral orc knight completely misses you.
You hit Nergalle but do no damage.
Nergalle is almost dead.
The orc wizard hits you but does no damage.
You block the spectral orc's attack.
You block the spectral orc warrior's attack.
Nergalle says, "THAT's why.
How awful.
You!"
Nergalle gestures at you while chanting.
Orcish apparitions take form around you.
You block the spectral orc warlord's attack.
The orc wizard misses you.
The spectral orc knight closely misses you.
The spectral orc closely misses you.
You block the spectral orc warrior's attack.
The orc wizard casts a spell.
The orc wizard flickers and vanishes!
Deactivating autopickup; reactivate with Ctrl-A.
You block Nergalle's attack.
You block the spectral orc knight's attack.
You block the spectral orc's attack.
The spectral orc warlord hits you with a +3 heavy battleaxe!!
Ouch! That really hurt!
You die...
Your body crumbles into a pile of gold.

... ....... .. ..
......... .. ##..
......... .##....
#........ .....?#
#......##....# #
##..$..#ZZZ..#.#
##..o$..{@..$...##
....##.$ZoZ$$....#
... ##....Z...Z......
y...#...........$$...
#..#...o............
#................#.
.##...............#
.................##
.........[....#...#


You could see Nergalle (combustible), a spectral orc (summoned), 4 spectral orc
warriors, a spectral orc knight (summoned), a spectral orc warlord (summoned)
and 2 orcs.

Vanquished Creatures
  Pikel (D:5)
  A troll (D:9)
  Sigmund (D:2)
  A shadow (D:9)
  5 yaks (D:7)
  A wyvern (D:9)
  Eustachio (D:5)
  2 steam dragons (D:7)
  A water moccasin (D:8)
  A black bear (D:6)
  2 orc warriors
  A sky beast (D:8)
  An ice beast (D:6)
  3 ogres
  2 centaurs
  2 lemures (D:4)
  3 kobold brigands
  2 phantoms
  6 bullfrogs
  Blork the orc (D:5)
  2 gnoll sergeants
  3 scorpions
  8 wights
  4 killer bees
  A howler monkey (D:7)
  Crazy Yiuf (D:6)
  A jelly (D:4)
  6 orc priests
  2 hounds
  A sleepcap (D:6)
  An iguana (D:4)
  9 orc wizards
  15 gnolls
  3 adders
  2 shadow imps (D:8)
  An ufetubus (D:6)
  A worm (D:2)
  3 dart slugs
  22 orcs
  6 ball pythons
  7 endoplasms
  7 giant cockroaches
  3 goblins
  3 hobgoblins
  2 jackals
  26 kobolds
  8 quokkas
  5 bats
  3 frilled lizards (D:2)
  4 rats
198 creatures vanquished.

Vanquished Creatures (collateral kills)
  A foxfire (D:9)
1 creature vanquished.

Vanquished Creatures (others)
  957 foxfires
957 creatures vanquished.

Grand Total: 1156 creatures vanquished

Notes
Turn   | Place    | Note
-------+----------+-------------------------------------------
     0 | D:1      | Pepete the Gargoyle Fire Elementalist began the quest for
                  | the Orb.
     0 | D:1      | Reached XP level 1. HP: 10/10 MP: 3/3
   568 | D:1      | Reached XP level 2. HP: 15/15 MP: 1/5
   663 | D:1      | Learned a level 2 spell: Scorch
  1448 | D:1      | Reached XP level 3. HP: 18/19 MP: 2/6
  2903 | D:2      | Reached XP level 4. HP: 16/24 MP: 0/8
  4274 | D:2      | Noticed Sigmund
  4281 | D:2      | Killed Sigmund
  4282 | D:2      | Reached XP level 5. HP: 28/28 MP: 1/10
  4282 | D:2      | Reached XP level 6. HP: 32/32 MP: 1/11
  6897 | D:3      | Found a burning altar of Makhleb.
  7985 | D:4      | Found a white marble altar of Elyvilon.
  8299 | D:4      | Reached skill level 5 in Fire Magic
  8299 | D:4      | Reached XP level 7. HP: 36/36 MP: 7/13
  8639 | D:4      | Found a hide-covered altar of Uskayaw.
  9079 | D:4      | Found an opulent altar of Gozag.
  9849 | D:4      | Found an ancient bone altar of Kikubaaqudgha.
  9885 | D:5      | Entered Level 5 of the Dungeon
  9943 | D:5      | Reached skill level 1 in Shields
 11875 | D:5      | Reached skill level 2 in Shields
 13478 | D:5      | Noticed Pikel
 13490 | D:5      | Killed Pikel
 13491 | D:5      | Reached skill level 4 in Shields
 13491 | D:5      | Reached skill level 5 in Spellcasting
 13491 | D:5      | Reached skill level 5 in Conjurations
 13491 | D:5      | Reached XP level 8. HP: 26/41 MP: 2/15
 13927 | D:5      | Noticed Eustachio
 14412 | D:5      | Killed Eustachio
 14717 | D:5      | Reached skill level 5 in Shields
 15019 | D:5      | Noticed Blork the orc
 15024 | D:5      | Killed Blork the orc
 15310 | D:5      | Found a shimmering blue altar of Sif Muna.
 15675 | D:6      | Reached XP level 9. HP: 45/45 MP: 10/17
 15682 | D:6      | Reached skill level 6 in Shields
 15983 | D:6      | Found a large runed translucent door.
 15983 | D:6      | Found a large runed translucent door.
 15984 | D:6      | Noticed Rudioso's ghost (novice VSBr)
 16395 | D:6      | Reached skill level 1 in Fighting
 17618 | D:6      | Found Hoenialo's Gadget Gallery.
 18216 | D:6      | Found a runed translucent door.
 18217 | D:6      | Noticed Crazy Yiuf
 18624 | D:6      | Killed Crazy Yiuf
 19051 | D:7      | Found a staircase to the Ecumenical Temple.
 19089 | Temple   | Entered the Ecumenical Temple
 19513 | D:4      | Became a worshipper of Gozag Ym Sagoz the Greedy
 19763 | D:7      | Found Kahos's Firing Range.
 19777 | D:7      | Reached skill level 7 in Shields
 20400 | D:7      | Found a broken altar of Ashenzari.
 20744 | D:7      | Found Veugov's Distillery.
 20752 | D:7      | Bought a potion of heal wounds for 65 gold pieces
 20752 | D:7      | Bought a potion of heal wounds for 65 gold pieces
 20752 | D:7      | Bought a potion of heal wounds for 65 gold pieces
 20847 | D:7      | Reached XP level 10. HP: 55/57 MP: 5/19
 21212 | D:7      | Reached skill level 8 in Shields
 21531 | D:8      | Reached skill level 5 in Fighting
 22474 | D:8      | Found a blossoming altar of Fedhas.
 22474 | D:8      | Found a snail-covered altar of Cheibriados.
 23218 | D:8      | Found a stormy altar of Qazlal.
 23229 | D:8      | Found a runed translucent door.
 23418 | D:8      | Noticed superradish's ghost (novice DsBr)
 24668 | D:9      | Found a staircase to the Orcish Mines.
 24686 | D:9      | Found a glowing silver altar of Zin.
 24785 | D:9      | Found Cibics's Magic Scroll Shoppe.
 24792 | D:9      | Bought a scroll of identify for 34 gold pieces
 25027 | D:9      | Found a shimmering altar of Xom.
 25058 | D:9      | Found a glowing golden altar of the Shining One.
 25221 | D:9      | Found a shadowy altar of Dithmenos.
 25229 | D:9      | Reached skill level 9 in Shields
 25641 | D:9      | Learned a level 3 spell: Volatile Blastmotes
 25661 | D:10     | Entered Level 10 of the Dungeon
 26189 | D:10     | Noticed Nergalle
 26201 | D:10     | Noticed a spectral orc warlord
 26208 | D:10     | Mangled by a spectral orc warlord

Illustrated notes

Levels and vault maps discovered:
D:1:      mrwooster_arrival_arrow, layout_loops_ring, st_stairs_5,
          minmay_statues_item
D:2:      layout_loops_cross, minmay_pentomino_u2, uniq_sigmund
D:3:      layout_loops_corners, bloody_makhleb
D:4:      layout_loops_corners, nicolae_elyvilon_temple_path,
          mainiacjoe_overflow_alcove_1, nicolae_overflow_hidden_temple,
          mainiacjoe_overflow_alcove_2, chequers_decorated_corner
D:5:      layout_basic, tgw_sif, uniq_eustachio, uniq_pikel
D:6:      layout_loops_ring, ebering_ghost_disaster_area, nicolae_shop_gadgets,
          uniq_crazy_yiuf_cottage
D:7:      layout_loops_ring, mainiacjoe_overflow_tiny_flanked, temple_doors_cd,
          serial_shops, nicolae_shop_peninsula, nicolae_shop_firing_range
D:8:      layout_cave_pools, mainiacjoe_overflow_brackets,
          gammafunk_temple_overflow_elements, serial_glass, glass_columns_b,
          glass_columns_a, ebering_ghost_reflecting_pool
D:9:      layout_basic, mainiacjoe_overflow_six_doors_small,
          grunt_dithmenos_shadows, tso_oasis_becter, mainiacjoe_overflow_paths,
          serial_shops, shop
D:10:     layout_cave_pools, okawaru_gym_becter, marbit_many_paths,
          serial_nicolae_subway, nicolae_sub_station_crystal,
          nicolae_sub_station_stone, nicolae_sub_station_metal, uniq_nergalle
Temple:   hellmonk_temple_micro_hex

Skill      XL: |  1  2  3  4  5  6  7  8  9 10 |
---------------+-------------------------------+-----
Conjurations   | 2 3 4 5 6 7 |  7.9
Spellcasting   | 3 4 5 6 7 |  7.0
Fire Magic     | 4 5 6 7 |  7.8
Shields        | 4 5 7 9 |  9.3
Fighting       | 4 5 |  5.0
Dodging        | |  1.6
Stealth        | |  2.2

Action                     |  1- 3 |  4- 6 |  7- 9 | 10-12 || total
---------------------------+-------+-------+-------+-------++-------
  Melee: Unarmed           |    12 |       |       |       ||    12
         Short sword       |    20 |       |       |       ||    20
         Punch             |     1 |       |       |       ||     1
         Flail             |       |     1 |       |       ||     1
         Halberd           |       |     1 |     3 |       ||     4
         Whip              |       |       |    45 |    45 ||    90
   Cast: Foxfire           |    77 |   133 |   200 |   199 ||   609
         Scorch            |     7 |    13 |    89 |    39 ||   148
    Use: Potion            |     2 |       |     2 |       ||     4
         Scroll            |       |     5 |     7 |     9 ||    21
 Armour: Robe              |    13 |       |     7 |       ||    20
         Troll leather arm |       |       |    30 |    22 ||    52
  Dodge: Dodged            |    26 |     8 |    81 |    47 ||   162
  Block: Other             |       |       |    20 |       ||    20
         Kite shield       |       |       |    80 |   104 ||   184
         Reflection        |       |       |     1 |     4 ||     5
